 Dungeon Crawl Stone Soup version 0.29-a0-819-g94b489e0ae (webtiles) character file.

Game seed: 14898163725892193645

1 Derenoc the Shield-Bearer (level 1, 22/22 HPs)
             Began as a Troll Fighter on July 6, 2022.
             Was a Follower of Cheibriados.
             Quit the game on level 1 of the Dungeon.
             The game lasted 00:01:39 (61 turns).

Derenoc the Shield-Bearer (Troll Fighter)             Turns: 61, Time: 00:01:40

Health: 22/22      AC:  4    Str: 25    XL:     1   Next: 16%
Magic:  0/0        EV:  8    Int:  6    God:    Cheibriados [*.....]
Gold:   0          SH:  7    Dex: 11    Spells: 0/0 levels left

rFire   . . .      SeeInvis .     - Unarmed
rCold   . . .      Faith    .   b - +0 kite shield
rNeg    . . .      Spirit   .   a - +0 robe
rPois   .          Reflect  .   (helmet restricted)
rElec   .          Harm     .   (no cloak)
rCorr   .          Rampage  .   (gloves unavailable)
Will    .....                   (boots unavailable)
Stlth   +.........              (no amulet)
HPRegen 0.87/turn               (no ring)
MPRegen 0.07/turn               (no ring)

@: mighty, very slow
A: large, unfitting armour, claws 3, regeneration 1, shaggy fur 1, tough skin 1
a: Renounce Religion, Bend Time


You were on level 1 of the Dungeon.
You worshipped Cheibriados.
Cheibriados was aware of your devotion.
You visited 1 branch of the dungeon, and saw 1 of its levels.

Inventory:

Armour
 a - a +0 robe (worn)
 b - a +0 kite shield (worn)


   Skills:
 - Level 2.4 Fighting
 - Level 2.4 Dodging
 - Level 2.6 Shields
 + Level 2.1 Unarmed Combat


You couldn't memorise any spells.
You didn't know any spells.
Your spell library was empty.

Dungeon Overview and Level Annotations

Branches:
Dungeon (1/15)

Altars:
Cheibriados


Innate Abilities, Weirdness & Mutations

You are too large for most types of armour.
You have claws for hands.
Your natural rate of healing is unusually fast.
You are covered in fur. (AC +1)
You have tough skin. (AC +1)


Message History

Found a staircase leading out of the dungeon.
A rat comes into view.
You block the rat's attack.
You barely miss the rat. The rat bites you.
You scratch the rat.
You kill the rat!
No target in view!
No target in view!
No target in view!
No target in view!
No target in view!
No target in view!
You see here a rat corpse.
A ball python comes into view.
The ball python hisses angrily.
The ball python bites you but does no damage.
You scratch the ball python.
You kill the ball python!
No target in view!
No target in view!
No target in view!
No target in view!
No target in view!
No target in view!
No target in view!
No target in view!
You see here a ball python corpse.
You open the door.
Found a faded altar of an unknown god.
There is an open door here.
There is a faded altar of an unknown god here.
You cannot tell which god this altar belongs to.
Convert to them anyway?
Cheibriados accepts your prayer! Cheibriados welcomes you!
Cheibriados begins to support your attributes as your movement slows.
Cheibriados is now slowing the effects of poison on you.
You can now bend time to slow others.
Cheibriados raises the support of your attributes as your movement slows.
You feel very mighty all of a sudden.
Are you sure you want to abandon this character and quit the game? (Confirm with "yes".)

#....... # ##...##
#†###### #.##.....##
##.## #.#.......##
#...##
##..........###....####
...........+..........
#.........####...####
#.......# #..## #.@...#
#.## ##...## #.#
##'##### #.# #.#...##
#.# #...#..###.#
##..###..†..#
##....#..#####
#.......## ##...#.##


There were no monsters in sight!

Vanquished Creatures
  A ball python (D:1)
  A rat (D:1)
2 creatures vanquished.

Notes
Turn   | Place    | Note
-------+----------+-------------------------------------------
     0 | D:1      | Derenoc the Troll Fighter began the quest for the Orb.
     0 | D:1      | Reached XP level 1. HP: 22/22 MP: 0/0
    55 | D:1      | Found a faded altar of an unknown god.
    59 | D:1      | Prayed at the altar of an unknown god.
    59 | D:1      | Became a worshipper of Cheibriados the Contemplative
    59 | D:1      | Reached * piety under Cheibriados
    61 | D:1      | Quit the game

Illustrated notes

Levels and vault maps discovered:
D:1:      saegor_arrival_simple_a, layout_loops_corners, basic_ecumenical_altar,
          minmay_rat_gold_closets

Action                   || total
-------------------------++-------
Melee: Unarmed           ||     3
  Use: Potion            ||     1
Armor: Robe              ||     1
Block: Kite shield       ||     1

Table legend: (Time is in decaauts)
 A = Elapsed time spent in this place.
 B = Non-inter-level travel time spent in this place.
 C = Inter-level travel time spent in this place.
 D = Time resting spent in this place.
 E = Time spent auto-exploring this place.
 F = Levels seen in this place.
 G = Mean time per level.
                   A        B        C        D        E       F      G
               +--------+--------+--------+--------+--------+-----+--------+
         Total |     61 |     61 |      0 |      0 |     47 |   1 |   61.0 |
       Dungeon |     61 |     61 |      0 |      0 |     47 |   1 |   61.0 |
               +--------+--------+--------+--------+--------+-----+--------+

Top non-repeatable levels by time:
     D:1: 61 daAuts
